 Dungeon Crawl Stone Soup version 0.14.2 (webtiles) character file.

52 glosham the Skirmisher (level 1, 0/17 HPs)
             Began as a Formicid Warper on Apr 11, 2017.
             Slain by a phantom (6 damage)
             ... on Level 10 of the Dungeon.
             The game lasted 00:03:44 (199 turns).

glosham the Skirmisher (Formicid Warper)             Turns: 199, Time: 00:03:44

HP   0/17        AC  3     Str 15      XL: 1   Next: 77%
MP   3/3         EV 11     Int 12      God:
Gold 48          SH  0     Dex 10      Spells:  1 memorised,  3 levels left

rFire  . . .     SeeInvis +     a - +0 mace
rCold  . . .     Clarity  .     b - +0 leather armour
rNeg   . . .     Conserve .     (no shield)
rPois  .         rCorr    .     (helmet unavailable)
rElec  .         rRot     .     (no cloak)
SustAb . .       Spirit   .     (no gloves)
rMut   .         Warding  .     (no boots)
Saprov . . .     Stasis   +     (no amulet)
MR     .....                    (no ring)
                                (no ring)

@: not resistant to hostile enchantments, very unstealthy
A: permanent stasis, dig shafts and tunnels, four strong arms, antennae 3
a: Dig, Shaft Self


You were on level 10 of the Dungeon.
You were not hungry.

You visited 1 branch of the dungeon, and saw 8 of its levels.

You collected 48 gold pieces.

Inventory:

Hand weapons
 a - a +0,+0 mace (weapon)
Missiles
 d - a stone
 e - 15 darts (quivered)
 f - 10 darts of dispersal
Armour
 b - a +0 leather armour (worn)
Comestibles
 g - 2 bread rations
Scrolls
 h - a scroll of remove curse {unknown}
Books
 c - a book of Spatial Translocations

   Spells                             Type                      Level
   *Apportation                       Translocation                1
   Blink                              Translocation                2
   Shroud of Golubria                 Charms/Translocation         2
   Portal Projectile                  Translocation                3
   Teleport Other                     Translocation                3
   Passage of Golubria                Translocation                4


   Skills:
 * Level 2.7 Fighting
 - Level 2.0 Maces & Flails
 - Level 0.7 Throwing
 - Level 1.1 Armour
 - Level 1.7 Dodging
 - Level 2.1 Spellcasting
 - Level 2.6 Translocations


You had 3 spell levels left.
You knew the following spells:

 Your Spells              Type           Power        Failure   Level  Hunger
a - Apportation           Tloc           #.........   12%         1    ##.....


Dungeon Overview and Level Annotations

Branches:
Dungeon (10/15)
 Temple: D:4-7          Orc: D:9-12        Lair: D:8-11

Altars:

Annotations:
D:6 Natasha


Innate Abilities, Weirdness & Mutations

Your are under a permanent stasis effect.
You can dig through walls and to a lower floor.
Your four strong arms can wield two-handed weapons with a shield.
You have a pair of large antennae on your head (SInv).


Message History

You closely miss the kobold. The kobold closely misses you.
An ogre comes into view. It is wielding a giant club.
There is an escape hatch in the floor here.
The kobold hits you but does no damage.
You slide downwards.
The hatch slams shut behind you.
An ice beast comes into view.
Found two items.
The kobold hits you but does no damage.
Found 12 gold pieces.
You see here 12 gold pieces.
You now have 48 gold pieces (gained 12).
The kobold hits you but does no damage.
Found a stone staircase leading down.
Found 20 arrows.
Found a scroll labeled AHIXUS BLIRIQU.
An orc comes into view. It is wielding a short sword.
The orc shouts!
There is a stone staircase leading down here.
You climb downwards.
A quokka and Natasha come into view.
Natasha hisses angrily.
There is a stone staircase leading up here.
The kobold barely misses you.
Use which ability? (? or * to list) Are you sure you want to shaft yourself?
You feel quite a bit more hungry. The kobold hits you but does no damage.
A shaft appears beneath you!
You fall through a shaft for 3 floors!
The shaft crumbles and collapses.
A phantom comes into view.
Found 12 gold pieces.
Found a stone staircase leading down.
Found a stone staircase leading up.
Found an escape hatch in the ceiling.
There is a stone staircase leading down here.
The phantom hits you.
You climb downwards.
There is a stone staircase leading up here.
You hit the phantom but do no damage. The phantom hits you.
You die... ## .. #.##.### #....p@# #..#.### #

You could see a phantom.

Vanquished Creatures
  2 giant cockroaches
  2 ball pythons (D:3)
4 creatures vanquished.

Notes
Turn   | Place    | Note
--------------------------------------------------------------
     0 | D:1      | glosham, the Formicid Warper, began the quest for the Orb.
     0 | D:1      | Reached XP level 1. HP: 16/16 MP: 3/3
     4 | D:1      | You fall through a shaft!
   140 | D:4      | Noticed an ogre
   151 | D:5      | Entered Level 5 of the Dungeon
   151 | D:5      | Noticed an ice beast
   178 | D:6      | Noticed Natasha
   182 | D:6      | You fall through a shaft for 3 floors!
   182 | D:9      | Noticed a phantom
   198 | D:10     | Entered Level 10 of the Dungeon
   199 | D:10     | Slain by a phantom

Action                   || total
-------------------------++-------
Melee: Mace              ||    18
 Abil: Shaft Self        ||     2

Table legend:
 A = Turns spent in this place as a percentage of turns spent in the entire game.
 B = Non-inter-level travel turns spent in this place as a percentage of non-inter-level travel turns spent in the entire game.
 C = Inter-level travel turns spent in this place as a percentage of turns spent in this place.
 D = Turns resting spent in this place as a percentage of non-inter-level travel turns spent in this place.
 E = Turns spent auto-exploring this place as a percentage of non-inter-level travel turns spent in this place.
 F = Non-inter-level travel turns spent in this place divided by the number of levels of this place that you've seen.
                   A       B       C       D       E      F
               +-------+-------+-------+-------+-------+----------------------
         Total | 100.0 | 100.0 |   0.0 |   0.0 |   0.0 |  22.4
       Dungeon | 100.0 | 100.0 |   0.0 |   0.0 |   0.0 |  22.4
               +-------+-------+-------+-------+-------+----------------------

Table legend:
 A = Kills in this place as a percentage of kills in entire the game.
 B = Kills by you in this place as a percentage of kills by you in the entire game.
 C = Kills by friends in this place as a percentage of kills by friends in the entire game.
 D = Other kills in this place as a percentage of other kills in the entire game.
 E = Experience gained in this place as a percentage of experience gained in the entire game.
 F = Experience gained in this place divided by the number of levels of this place that you have seen.
                   A       B       C       D       E      F
               +-------+-------+-------+-------+-------+----------------------
         Total | 100.0 | 100.0 |  -nan |  -nan | 100.0 |   0.9
       Dungeon | 100.0 | 100.0 |  -nan |  -nan | 100.0 |   0.9
               +-------+-------+-------+-------+-------+----------------------

Vault maps used:
D:1:      dpeg_arrival_morbid_curiosity
D:2:      first_bread, uniq_iyjb, uniq_terence
D:3:      portal_sewer_entry_f
D:4:      forest_paths, gammafunk_temple_overflow_wave,
          nicolae_underground_beach
D:5:      kennysheep_big_flooded_room, temple_hall_moat
D:6:      lemuel_castle_with_subvaults, demons_altar, serial_bayou_crossing,
          uniq_sigmund, uniq_crazy_yiuf_cottage, uniq_natasha
D:9:      orc_0_dummy, lair_0_dummy
D:10:     uniq_erica
